AoeStats
← NikNak1876795

Oasis

510185453Analyzed
4v4 RM · 3d ago on Sep 29, 2026· 50m 22s· 8 players
Game mode
Random Map
Map size
Large (8 player)
Population
200
Speed
Normal
Resources
Standard
Victory
Conquest
Starting age
Dark Age
Ending age
Imperial Age
RankedLock teamsTeams togetherTeam positionsShared explorationLock speedFull tech treeHidden civsTurbo modeCheats
Victory
Defeat
🇩🇪 Franks · Germany
932
+15
🇮🇪 Varangians · Ireland
915
+16
🇩🇪 Britons · Germany
912
+16
🇩🇪 Tupi · Germany
890
+17
🇬🇧 Mongols · United Kingdom
975
-19
🇬🇧 Bulgarians · United Kingdom
903
-16
🇬🇧 Persians · United Kingdom
896
-15
🇨🇦 Byzantines · Canada
875
-14
TrueCrime
0:28 Loom
11:34 Feudal Age
18:33 Castle Age
20:05 Wheelbarrow
19:18 Double-Bit Axe
22:41 Horse Collar
25:50 Fletching
27:58 Bodkin Arrow
29:13 Padded Archer Armor
29:53 Heavy Plow
30:03 Bow Saw
30:22 Leather Archer Armor
30:13 Gold Mining
31:04 Hand Cart
36:24 Imperial Age
35:52 Ballistics
37:09 Scale Mail Armor
37:19 Forging
37:10 Bracer
37:40 Ring Archer Armor
38:13 Chemistry
37:38 Conscription
37:24 Caciques
38:09 Squires
37:29 Pikeman
37:55 Arson
38:03 Heavy Scorpion
39:37 Curare
40:31 Chain Mail Armor
40:44 Halberdier
40:46 Elite Ibirapema Warrior
41:32 Elite Blackwood Archer
47:58 Plate Mail Armor
48:04 Iron Casting
Alpha Robeeert
12:40 Feudal Age
12:01 Loom
13:20 Horse Collar
13:31 Double-Bit Axe
19:57 Castle Age
19:41 Scale Barding Armor
20:13 Forging
20:12 Pikeman
22:56 Bloodlines
28:05 Husbandry
29:06 Wheelbarrow
28:28 Gold Mining
29:53 Chain Barding Armor
32:28 Iron Casting
34:35 Hand Cart
35:14 Stone Mining
37:15 Fletching
40:56 Bodkin Arrow
41:13 Town Watch
41:43 Masonry
41:14 Treadmill Crane
44:37 Imperial Age
44:54 Cavalier
46:11 Plate Barding Armor
46:37 Blast Furnace
46:03 Vendel Legacy
47:57 Heavy Plow
50:16 Bracer
Axxano
0:29 Loom
13:51 Feudal Age
19:27 Castle Age
17:17 Horse Collar
18:22 Fletching
20:28 Bodkin Arrow
21:21 Double-Bit Axe
21:24 Crossbowman
26:41 Bow Saw
27:09 Stone Mining
27:10 Gold Mining
32:23 Imperial Age
31:09 Wheelbarrow
30:19 Town Watch
30:32 Treadmill Crane
31:13 Ballistics
31:49 Gold Shaft Mining
32:40 Padded Archer Armor
32:55 Caravan
33:48 Hand Cart
35:18 Bracer
35:34 Leather Archer Armor
35:43 Conscription
36:11 Forging
36:02 Scale Mail Armor
35:27 Pikeman
36:11 Squires
35:56 Arson
37:42 Chemistry
36:24 Halberdier
38:49 Elite Longbowman
39:52 Yeomen
41:33 Siege Engineers
42:00 Ring Archer Armor
41:45 Chain Mail Armor
42:06 Iron Casting
42:40 Warwolf
48:03 Plate Mail Armor
48:34 Blast Furnace
NikNak1876795
3:41 Loom
13:46 Feudal Age
14:17 Double-Bit Axe
22:35 Castle Age
30:20 Wheelbarrow
29:59 Bow Saw
31:39 Fortified Wall
32:26 Gold Mining
32:27 Stone Mining
37:28 Hand Cart
42:37 Imperial Age
41:33 Pikeman
42:14 Squires
42:00 Gambesons
43:07 Gold Shaft Mining
43:15 Husbandry
43:51 Caravan
43:42 Cavalier
45:30 Scale Barding Armor
45:36 Forging
45:04 Paladin
46:51 Chivalry
47:14 Chain Barding Armor
The Horn Guy RBW ER
7:38 Loom
13:49 Feudal Age
16:37 Double-Bit Axe
16:50 Arson
17:09 Scale Mail Armor
17:20 Forging
19:21 Fletching
22:08 Horse Collar
25:03 Castle Age
23:37 Scale Barding Armor
27:06 Bodkin Arrow
27:28 Chain Mail Armor
28:40 Iron Casting
29:34 Squires
31:01 Heavy Plow
33:58 Chain Barding Armor
35:45 Husbandry
37:24 Bloodlines
42:12 Imperial Age
48:30 Stirrups
49:06 Elite Skirmisher
emperorbobo
5:14 Loom
10:00 Feudal Age
11:12 Double-Bit Axe
14:30 Horse Collar
21:51 Castle Age
20:13 Forging
23:25 Wheelbarrow
22:35 Town Watch
22:43 Fletching
22:53 Padded Archer Armor
23:07 Bloodlines
23:58 Bow Saw
24:36 Heavy Plow
27:14 Bodkin Arrow
27:35 Leather Archer Armor
29:30 Hand Cart
29:15 Town Patrol
30:39 Fervor
43:36 Imperial Age
42:44 Husbandry
48:00 Caravan
48:45 Conscription
ᅚᅚ
1:44 Loom
14:01 Feudal Age
20:29 Castle Age
19:46 Double-Bit Axe
22:14 Bow Saw
23:32 Scale Barding Armor
27:30 Fletching
28:28 Elite Skirmisher
31:25 Bodkin Arrow
33:25 Padded Archer Armor
38:50 Imperial Age
38:52 Ballistics
39:13 Chain Barding Armor
38:59 Husbandry
40:19 Logistica
42:01 Elite Cataphract
45:01 Chemistry
45:10 Bracer
48:28 Thumb Ring
50:45 Thumb Ring
hoaxkey
7:53 Loom
11:21 Feudal Age
12:06 Double-Bit Axe
21:43 Castle Age
22:45 Scale Barding Armor
22:51 Forging
36:17 Husbandry
42:59 Imperial Age
42:32 Chain Barding Armor
42:48 Iron Casting
Connection lost

Rejoining the realm…

Still unreachable

The connection could not be restored.

Session expired

The server has moved on; the page needs a fresh start.